 Dungeon Crawl Stone Soup version 0.21.1-1-g345015f (webtiles) character file.

81 GenChuck the Charlatan (level 4, 0/25 HPs)
             Began as a Gargoyle Artificer on Mar 29, 2018.
             Slain by a worm (7 damage)
             ... on level 2 of the Dungeon.
             The game lasted 00:11:41 (1327 turns).

GenChuck the Charlatan (Gargoyle Artificer)         Turns: 1327, Time: 00:11:42

Health: 0/25       AC:  7    Str: 16    XL:     4   Next: 40%
Magic:  6/6        EV: 11    Int: 12    God:
Gold:   82         SH:  0    Dex: 10    Spells: 3/3 levels left

rFire    . . .     SeeInvis .   i - +0 mace
rCold    . . .     Gourm    .   (no shield)
rNeg     + . .     Faith    .   b - +0 leather armour
rPois    ∞         Spirit   .   (no helmet)
rElec    +         Reflect  .   (no cloak)
rCorr    .         Harm     .   h - +0 pair of gloves
MR       .....     Rnd*Tele +   (no boots)
Stlth    +.........             (no amulet)
HPRegen  0.08/turn              g - ring of teleportation
MPRegen  0.10/turn              (no ring)

@: no status effects
A: negative energy resistance 1, electricity resistance, unbreathing,
petrification resistance, rot immunity, AC +3
a: no special abilities


You were on level 2 of the Dungeon.
You were hungry.

You visited 1 branch of the dungeon, and saw 3 of its levels.

You collected 82 gold pieces.

Inventory:

Hand Weapons
 a - a +0 short sword
 i - a +0 mace (weapon)
 j - a +0 spear
Armour
 b - a +0 leather armour (worn)
 h - a +0 pair of gloves (worn)
Jewellery
 g - a ring of teleportation (left hand)
Wands
 c - a wand of flame (13)
 d - a wand of enslavement (14)
 e - a wand of random effects (15)
Scrolls
 n - a scroll of fear {unknown}
Potions
 l - a potion of might {unknown}
 m - a potion of lignification {unknown}
Comestibles
 f - a ration
 k - 10 chunks of flesh


   Skills:
 + Level 1.3 Fighting
 - Level 1.1 Short Blades
 * Level 2.0 Maces & Flails
 + Level 0.8 Armour
 + Level 1.8 Dodging
 + Level 1.1 Stealth
 * Level 3.5 Evocations


You had 3 spell levels left.
You didn't know any spells.

Dungeon Overview and Level Annotations

Branches:
Dungeon (3/15)

Altars:
Makhleb
Trog
Xom


Innate Abilities, Weirdness & Mutations

You are resistant to torment.
Your stone body is resilient. (AC +3)
You are immune to poison.
You resist negative energy. (rN+)
You are resistant to electric shocks. (rElec)
You can survive without breathing.
You are immune to petrification.
You are immune to rotting.


Message History

The worm bites you but does no damage.
You hit the worm.
The worm is moderately wounded.
The worm bites you.
You hit the worm.
The worm is moderately wounded.
You hit the worm.
The worm is heavily wounded.
The worm bites you.
You hit the worm.
The worm is severely wounded.
The worm bites you!
* * * LOW HITPOINT WARNING * * *
You hit the worm.
The worm is almost dead.
The worm bites you but does no damage.
You hit the worm but do no damage.
The worm is severely wounded.
The worm bites you!
You die...

>.....##.#.##.#
.......#.#....##
#.#.#..#.......###
#.##.##.#.#........_....
#.##.##.#.............#
#.##.##...#..._..⌠...(##
#.##.P....#....w........
#.#......>......@.....#
#.#...P.........._....#
......P...#..##....##.#
#.............#....#
#.[...........####.#
##..###(#....... .# #..#
#(#####..P. .# #..# #(#
..P. .# #..# #.# ..


You could see a worm.

Vanquished Creatures
  Jessica (D:2)
  An adder (D:2)
  2 oozes (D:1)
  A worm (D:2)
  2 dart slugs
  A ball python (D:1)
  3 bats
  3 goblins (D:1)
  5 hobgoblins
  5 kobolds
  2 frilled lizards (D:1)
  7 rats
33 creatures vanquished.

Vanquished Creatures (collateral kills)
  A goblin (D:1)
1 creature vanquished.

Grand Total: 34 creatures vanquished

Notes
Turn   | Place    | Note
-------+----------+-------------------------------------------
     0 | D:1      | GenChuck the Gargoyle Artificer began the quest for the Orb.
     0 | D:1      | Reached XP level 1. HP: 12/12 MP: 2/2
    83 | D:1      | Reached skill level 1 in Short Blades
   169 | D:1      | Reached skill level 3 in Evocations
   224 | D:1      | Reached XP level 2. HP: 16/16 MP: 4/4
   887 | D:1      | Reached XP level 3. HP: 19/20 MP: 5/5
  1117 | D:2      | Noticed Jessica
  1121 | D:2      | Killed Jessica
  1121 | D:2      | Reached skill level 1 in Maces & Flails
  1138 | D:2      | Found a burning altar of Makhleb.
  1148 | D:2      | Reached XP level 4. HP: 21/25 MP: 6/6
  1307 | D:2      | Found a bloodstained altar of Trog.
  1309 | D:2      | Found a shimmering altar of Xom.
  1327 | D:2      | Slain by a worm

Skill      XL: |  1  2  3  4 |
---------------+-------------+-----
Short Blades   | 1 |  1.1
Evocations     | 3 |  3.5
Maces & Flails | 1 2 |  2.0
Fighting       | |  1.3
Armour         | |  0.8
Dodging        | |  1.8
Stealth        | |  1.1

Action                   |  1- 3 |  4- 6 || total
-------------------------+-------+-------++-------
Melee: Short sword       |    32 |       ||    32
       Mace              |    52 |    44 ||    96
Evoke: Wand              |     2 |     1 ||     3
  Use: Scroll            |     5 |       ||     5
 Stab: Sleeping          |     1 |       ||     1
  Eat: Chunk             |     1 |       ||     1
Armor: Leather armour    |    44 |    24 ||    68
Dodge: Dodged            |    57 |    25 ||    82
